 Dungeon Crawl Stone Soup version 0.32-a0-132-g2d33c3cfaf (webtiles) character file.

Game seed: 7224850241654341028

879 Dittersdorf the Covered (level 8, -1/51 HPs)
             Began as a Gargoyle Fighter on Feb 9, 2024.
             Slain by a quasit (2 damage)
             ... summoned by Eustachio
             ... on level 4 of the Dungeon.
             The game lasted 00:05:43 (4494 turns).

Dittersdorf the Covered (Gargoyle Fighter)          Turns: 4494, Time: 00:05:44

Health: -1/51      AC: 24    Str: 22    XL:     8   Next: 5%
Magic:  8/8        EV:  8    Int:  9    God:
Gold:   325        SH:  5    Dex:  9    Spells: 7/7 levels left

rFire   . . .        a - +1 flail (protect)
rCold   . . .        c - +0 buckler
rNeg    + . .        h - +0 chain mail
rPois   ∞            l - +1 helmet
rElec   +            (no cloak)
rCorr   .            (no gloves)
SInv    .            (no boots)
Will    .....        (no amulet) Stlth
                     (no ring)
HPRegen 0.28/turn    (no ring)
MPRegen 0.11/turn

%: no passive effects
@: under a protective aura
A: sickness immunity, AC +5, negative energy resistance 1, electricity
resistance, torment resistance 1, petrification resistance
a: no special abilities


You were on level 4 of the Dungeon.
You visited 1 branch of the dungeon, and saw 5 of its levels.

You collected 325 gold pieces.

Inventory:

Hand Weapons
 a - a +1 flail of protection (weapon)
 n - a +0 morningstar
Armour
 c - a +0 buckler (worn)
 h - a +0 chain mail (worn)
 l - a +1 helmet (worn)
Wands
 b - a wand of roots (5)
 g - a wand of digging (1)
Scrolls
 e - a scroll of teleportation
 f - a scroll of enchant armour
 p - a scroll of revelation
Potions
 d - 2 potions of might
 k - a potion of attraction {unknown}
 o - a potion of enlightenment


   Skills:
 + Level 5.8 Fighting
 + Level 4.7 Maces & Flails
 + Level 5.8 Armour
 + Level 5.8 Shields


You had 7 spell levels left.
You didn't know any spells.
Your spell library contained the following spells:

 Spells                   Type           Power      Damage    Failure   Level
 Lesser Beckoning         Tloc           0%         N/A       99%         2
 Gell's Gravitas          Tloc           0%         N/A       100%        3
 Teleport Other           Tloc           0%         N/A       100%        3


Dungeon Overview and Level Annotations

Branches:
Dungeon (5/15)
 Temple: D:4-7

Altars:
Trog

Shops:
D:5 :

Annotations:
D:4 1 runed translucent door, Eustachio; boberto's ghost, novice DsCK
D:5 Sigmund


Innate Abilities, Weirdness & Mutations

You are immune to sickness and miasma.
Your stone body is resilient. (AC +5)
You are immune to poison.
You resist negative energy. (rN+)
You are resistant to electric shocks. (rElec)
You are resistant to unholy torment.
You are immune to petrification.


Message History

The quasit closely misses you.
The quasit claws you but does no damage. x2
Eustachio hits you but does no damage.
You closely miss Eustachio.
Eustachio is severely wounded.
The bat completely misses you.
The river rat bites you but does no damage.
The river rat barely misses you.
The river rat bites you but does no damage.
The quasit bites you but does no damage.
The quasit barely misses you.
The quasit claws you but does no damage.
The shadow imp barely misses you.
The crimson imp blinks!
The bat hits you.
* * * LOW HITPOINT WARNING * * *
Eustachio hits you but does no damage.
The river rat bites you but does no damage.
You hit Eustachio.
Eustachio is almost dead.
The bat misses you. The quasit bites you.
* * * LOW HITPOINT WARNING * * *
The quasit claws you but does no damage.
You block the quasit's attack. You block the river rat's attack.
The river rat completely misses you. The shadow imp closely misses you.
Eustachio hits you with a +0 rapier.
* * * LOW HITPOINT WARNING * * *
The quasit misses you. The quasit barely misses you.
The quasit claws you but does no damage.
The river rat bites you but does no damage.
The bat hits you but does no damage.
The river rat bites you but does no damage.
The river rat misses you.
You miss Eustachio.
Eustachio is almost dead.
The shadow imp hits you but does no damage.
The quasit bites you but does no damage.
You block the quasit's attack. The quasit barely misses you.
You block Eustachio's attack.
The river rat bites you but does no damage. x3
The quasit bites you.
You die...

########.............#####
######.#...#....#.....#..###
#####.<....#......#........#####
..###.....##.....<#...#........#
..#..)....#)..........#........#
......................#.#..##..##
........>.#....5........#...##..#
.....#..###.##.5@5.....##........
.....#..###.##.r@r..#.##...##....
.......####.#..r.................
.....######.....b÷÷..............
.......###..####÷>...............
....#..#...###....)..............
...###.#..## ##..................
...#.#....## #................#..
......#....####....÷.........##.#
.........#...............###....#


You could see Eustachio, a quasit (summoned), a crimson imp (summoned), 3 river
rats, a shadow imp (summoned) and a bat (summoned).

Vanquished Creatures
  2 ogres (D:4)
  A phantom (D:3)
  Blork the orc (D:4)
  A scorpion (D:5)
  A howler monkey (D:4)
  A bombardier beetle (D:4)
  A gnoll bouda (D:4)
  An orc priest (D:3)
  An iguana (D:4)
  Ijyb (D:3)
  2 orc wizards
  10 gnolls
  8 adders
  2 ribbon worms (D:2)
  6 dart slugs
  6 orcs
  9 endoplasms
  6 giant cockroaches
  8 goblins
  5 hobgoblins
  3 jackals (D:3)
  4 kobolds
  2 quokkas
  7 ball pythons
  6 bats
  5 frilled lizards (D:1)
  3 rats
103 creatures vanquished.

Vanquished Creatures (others)
  An arcanist (D:3)
1 creature vanquished.

Grand Total: 104 creatures vanquished

Notes
Turn   | Place    | Note
-------+----------+-------------------------------------------
     0 | D:1      | Dittersdorf the Gargoyle Fighter began the quest for the
                  | Orb.
     0 | D:1      | Reached XP level 1. HP: 14/14 MP: 1/1
    93 | D:1      | Reached XP level 2. HP: 19/19 MP: 2/2
   486 | D:1      | Found a faded altar of an unknown god.
   585 | D:1      | Reached XP level 3. HP: 7/23 MP: 3/3
  1420 | D:2      | Identified the +5 dagger of Death {freeze, rElec rPois
                  | Will++ Stlth-}
  1484 | D:2      | Reached XP level 4. HP: 29/29 MP: 4/4
  2064 | D:3      | Reached XP level 5. HP: 33/33 MP: 5/5
  2341 | D:3      | Found a bloodstained altar of Trog.
  2426 | D:3      | Noticed a wizard
  2433 | D:3      | Killed a wizard
  2569 | D:4      | Noticed a phantom
  2573 | D:4      | Noticed Ijyb
  2589 | D:3      | Killed a phantom
  2590 | D:3      | Reached XP level 6. HP: 17/39 MP: 6/6
  2756 | D:3      | Killed Ijyb
  3030 | D:4      | Noticed boberto's ghost (novice DsCK)
  3034 | D:4      | Found a runed translucent door.
  3075 | D:4      | HP: 1/40 [gnoll/+0 halberd[a gnoll bouda] (8)]
  3084 | D:4      | HP: 1/40 [gnoll/+0 spear[a gnoll bouda] (3)]
  3258 | D:4      | Reached skill level 5 in Armour
  3291 | D:4      | Reached skill level 5 in Fighting
  3295 | D:4      | Reached skill level 5 in Shields
  3300 | D:4      | Reached XP level 7. HP: 25/44 MP: 7/7
  3422 | D:4      | Noticed Blork the orc
  3431 | D:4      | Killed Blork the orc
  3982 | D:5      | Entered Level 5 of the Dungeon
  3982 | D:5      | Found Worphaer's Book Shop.
  4410 | D:5      | Reached XP level 8. HP: 49/51 MP: 8/8
  4431 | D:5      | Noticed Sigmund
  4431 | D:5      | Noticed Eustachio
  4493 | D:4      | HP: 1/51 [Eustachio/+0 rapier (3)]
  4494 | D:4      | Slain by a quasit

Illustrated notes

Levels and vault maps discovered:
D:1:      evilmike_arrival_rings, layout_basic, serial_forest,
          infiniplex_forest_lined_1, infiniplex_forest_clump_long,
          infiniplex_forest_clump_tiny, infiniplex_forest_lined_room_2,
          infiniplex_forest_split, infiniplex_forest_clump_tiny,
          hellmonk_ecumenical_altar_inner_sanctum
D:2:      layout_basic, minmay_quantized
D:3:      layout_rooms, trog_wizard, dk_noncrumbling_3
D:4:      layout_cave_pools, hellmonk_ghost_happy_afterlife, uniq_blork_the_orc,
          uniq_ijyb
D:5:      layout_cave_pools, nicolae_eternal_life,
          hangedman_abyss_or_decor_jellyfish_corner, nicolae_stop_n_shop_1,
          uniq_sigmund, uniq_eustachio, uniq_pikel

Skill      XL: |  1  2  3  4  5  6  7 |
---------------+----------------------+-----
Armour         | 4 5 |  5.8
Shields        | 4 5 |  5.8
Fighting       | 4 5 |  5.8
Maces & Flails | 3 4 |  4.7

Action                     |  1- 3 |  4- 6 |  7- 9 || total
---------------------------+-------+-------+-------++-------
  Melee: Flail             |   198 |   178 |    36 ||   412
         Morningstar       |       |    38 |    49 ||    87
    Use: Scroll            |       |     2 |     7 ||     9
 Armour: Scale mail        |    37 |       |       ||    37
         Chain mail        |    61 |   213 |    98 ||   372
  Dodge: Dodged            |    59 |   116 |    47 ||   222
  Block: Buckler           |    23 |    52 |    34 ||   109

Table legend: (Time is in decaauts)
 A = Elapsed time spent in this place.
 B = Non-inter-level travel time spent in this place.
 C = Inter-level travel time spent in this place.
 D = Time resting spent in this place.
 E = Time spent auto-exploring this place.
 F = Levels seen in this place.
 G = Mean time per level.
                   A        B        C        D        E       F      G
               +--------+--------+--------+--------+--------+-----+--------+
         Total |   4659 |   4501 |    158 |   1037 |   2243 |   5 |  931.8 |
       Dungeon |   4659 |   4501 |    158 |   1037 |   2243 |   5 |  931.8 |
               +--------+--------+--------+--------+--------+-----+--------+

Top non-repeatable levels by time:
     D:4: 1166 daAuts
     D:3: 1145 daAuts
     D:1: 1134 daAuts
     D:2: 918 daAuts
     D:5: 295 daAuts
